 Dungeon Crawl Stone Soup version 0.20.0-7-g3b7b877 (webtiles) character file.

7556 Rrauwl the Brawler (level 10, -8/136 (138) HPs)
             Began as a Troll Artificer on May 29, 2017.
             Mangled by a six-headed hydra (15 damage)
             ... on level 1 of the Lair of Beasts.
             The game lasted 00:17:18 (6226 turns).

Rrauwl the Brawler (Troll Artificer)                Turns: 6226, Time: 00:17:19

HP:   -8/136 (138)  AC: 10    Str: 28    XL:     10   Next: 96%
MP:   11/11         EV: 10    Int:  3    God:
Gold: 308           SH:  0    Dex: 12    Spells: 7/9 levels left

rFire    . . .     SeeInvis .   a - +0 giant spiked club
rCold    . . .     Gourm    +   (shield currently unavailable)
rNeg     + . .     Faith    .   b - +1 robe
rPois    .         Spirit   .   B - +0 hat of Jiyben {+Inv rElec Int-4}
rElec    +         Reflect  .   (no cloak)
rCorr    .         Harm     .   (gloves unavailable)
MR       +....                  (boots unavailable)
Stlth    ..........             y - amulet of magic regeneration
Regen    0.8/turn               z - ring of positive energy
MPRegen  0.2/turn               h - +2 ring of protection

@: berserking, very quick
A: unfitting armour, claws 3, iridescent scales 1, fast metabolism 3, gourmand,
magic resistance 1, regeneration 1, shaggy fur 1, tough skin 2
a: Evoke Invisibility


You were on level 1 of the Lair of Beasts.
You were completely stuffed.

You visited 3 branches of the dungeon, and saw 10 of its levels.

You collected 540 gold pieces.
You spent 232 gold pieces at shops.

Inventory:

Hand Weapons
 a - a +0 giant spiked club (weapon)
 c - a +1 mace of venom
Armour
 b - a +1 robe (worn)
 B - the +0 hat of Jiyben (worn) {+Inv rElec Int-4}
   (You acquired it on level 8 of the Dungeon)

   It affects your intelligence (-4).
   It insulates you from electricity.
   It lets you turn invisible.
Jewellery
 h - a +2 ring of protection (right claw)
 k - a cursed ring of positive energy
 y - an amulet of magic regeneration (around neck)
 z - a ring of positive energy (left claw)
Wands
 d - a wand of enslavement (15/24)
 e - a wand of random effects (15/48)
 o - a wand of flame (15/48)
 x - a wand of lightning (12/15)
 D - a wand of disintegration (9/24)
 F - a wand of iceblast (4/15)
Scrolls
 j - 7 scrolls of teleportation
 n - 5 scrolls of identify
 p - 4 scrolls of magic mapping
 q - a scroll of enchant armour
 r - 5 scrolls of fog
 s - a scroll of blinking
 v - 3 scrolls of remove curse
 E - a scroll of recharging
Potions
 A - a potion of flight
Comestibles
 f - 9 bread rations


   Skills:
 - Level 4.0 Fighting
   Level 0.7 Short Blades
 - Level 2.0 Dodging
 - Level 0.3 Stealth
 + Level 15.0 Unarmed Combat
 - Level 3.0 Evocations


You had 7 spell levels left.
You knew the following spells:

 Your Spells              Type           Power        Failure   Level  Hunger
a - Blink                 Tloc           N/A          67%         2    ###....


Dungeon Overview and Level Annotations

Branches:
Dungeon (8/15)             Temple (1/1) D:6            Lair (1/6) D:8

Altars:
Ashenzari
Cheibriados
Dithmenos
Fedhas
Gozag
Hepliaklqana
Kikubaaqudgha
Makhleb
Nemelex Xobeh
Okawaru
Qazlal
Ru
Sif Muna
Trog
Uskayaw
Vehumet
Xom
Yredelemnul
The Shining One

Shops:
D:4 (   D:5 %}([?


Innate Abilities, Weirdness & Mutations

You are too large for most types of armour.
You have claws for hands.
Your metabolism is lightning-fast.
You like to eat raw meat.
Your natural rate of healing is unusually fast.
You are covered in fur. (AC +1)
You have very tough skin. (AC +2)
You are partially covered in iridescent scales. (AC +2)
You are resistant to hostile enchantments. (MR+)


Message History

You hit the six-headed hydra.
The six-headed hydra is lightly wounded.
The six-headed hydra bites you!
The six-headed hydra bites you but does no damage.
The six-headed hydra bites you. The six-headed hydra bites you!
* * * LOW HITPOINT WARNING * * *
The six-headed hydra bites you.
* * * LOW HITPOINT WARNING * * *
The six-headed hydra bites you!
* * * LOW HITPOINT WARNING * * *
You hit the six-headed hydra.
The six-headed hydra is lightly wounded.
The six-headed hydra closely misses you.
The six-headed hydra bites you!
* * * LOW HITPOINT WARNING * * *
The six-headed hydra bites you.
* * * LOW HITPOINT WARNING * * *
The six-headed hydra bites you but does no damage.
The six-headed hydra bites you!
You die...

..............
.............# #.#
#............# ..#
#...........# #.#
...........# ### ##.##
..........#####.## ...#
#.....%....##....##
#..# #.......##
#.....###..#
#....D@#.###..........#
###...###..........##..
#.#........#######.#.
##..####.### #### #.!
### # #.. ... ...


You could see a six-headed hydra.

Vanquished Creatures
  Gastronok (D:8)
  A two-headed ogre (D:8)
  2 spiny frogs (Lair:1)
  9 yaks
  2 wyverns
  Menkaure (D:4)
  Edmund (D:6)
  4 ice beasts
  3 orc warriors
  A sky beast (D:8)
  An ogre (D:7)
  A necrophage (D:6)
  3 centaurs
  3 crocodiles
  3 bullfrogs
  A wyvern skeleton (D:8)
  2 scorpions
  5 howler monkeys
  A bullfrog zombie (D:8)
  2 crimson imps
  2 jellies
  4 hounds
  A quasit (D:8)
  A bullfrog skeleton (D:4)
  4 orc priests
  2 centaur skeletons
  2 orc wizards
  2 iguanas
  6 worker ants
  3 gnolls (D:5)
  A worker ant zombie (D:7)
  A howler monkey skeleton (D:7)
  3 adders
  A shadow imp (D:5)
  An adder skeleton (D:6)
  4 worms
  A dart slug (D:1)
  4 leopard geckos
  9 orcs
  5 giant cockroaches
  3 goblins
  5 hobgoblins
  4 jackals
  3 quokkas
  6 bats
  2 frilled lizards
  7 kobolds
  6 rats
140 creatures vanquished.

Vanquished Creatures (others)
  5 fungi (D:8)
  A plant (D:8)
6 creatures vanquished.

Grand Total: 146 creatures vanquished

Notes
Turn   | Place    | Note
-------+----------+-------------------------------------------
     0 | D:1      | Rrauwl the Troll Artificer began the quest for the Orb.
     0 | D:1      | Reached XP level 1. HP: 18/18 MP: 1/1
   128 | D:1      | Reached XP level 2. HP: 26/26 MP: 2/2
   776 | D:2      | Reached XP level 3. HP: 28/32 MP: 4/4
   989 | D:2      | Found a shimmering altar of Xom.
  1154 | D:2      | Reached skill level 1 in Fighting
  1264 | D:3      | Found a shadowy altar of Dithmenos.
  1295 | D:3      | Found a faded altar of an unknown god.
  1721 | D:4      | Reached XP level 4. HP: 16/44 MP: 5/5
  1734 | D:4      | Reached XP level 5. HP: 17/53 MP: 6/6
  1803 | D:4      | Found a shimmering altar of Xom.
  1809 | D:4      | Noticed Menkaure
  1810 | D:4      | Gained mutation: You are resistant to hostile enchantments. (MR+) [potion of mutation]
  1810 | D:4      | Gained mutation: You are partially covered in iridescent scales. (AC +2) [potion of mutation]
  1822 | D:4      | Killed Menkaure
  1822 | D:4      | Reached skill level 2 in Unarmed Combat
  1822 | D:4      | Reached XP level 6. HP: 54/62 MP: 7/7
  2237 | D:4      | Found Nyisaree's Weapon Emporium.
  2489 | D:4      | Reached skill level 3 in Unarmed Combat
  2617 | D:5      | Entered Level 5 of the Dungeon
  2633 | D:5      | Found a stormy altar of Qazlal.
  2749 | D:5      | Found Tesiobek's Magic Scroll Boutique.
  2773 | D:5      | Bought a scroll of teleportation for 33 gold pieces
  2773 | D:5      | Bought a scroll of fog for 22 gold pieces
  2773 | D:5      | Bought a scroll of magic mapping for 38 gold pieces
  2773 | D:5      | Bought a scroll of remove curse for 33 gold pieces
  2773 | D:5      | Bought a scroll of identify for 22 gold pieces
  2811 | D:5      | Found Porug's Gadget Shop.
  2830 | D:5      | Reached skill level 4 in Unarmed Combat
  2868 | D:5      | Bought a wand of lightning (3/15) for 84 gold pieces
  2872 | D:5      | Found Icveliag's Antique Weapon Boutique.
  2876 | D:5      | Noticed a wyvern
  2882 | D:5      | Killed a wyvern
  2882 | D:5      | Reached skill level 5 in Unarmed Combat
  2882 | D:5      | Reached XP level 7. HP: 70/70 MP: 8/8
  2911 | D:5      | Found Milunarr's Antique Armour Shoppe.
  2993 | D:5      | Found Ruodoupim's Food Boutique.
  3165 | D:5      | Found a sparkling altar of Nemelex Xobeh.
  3177 | D:5      | Reached skill level 6 in Unarmed Combat
  3259 | D:5      | You fall through a shaft for 3 floors!
  3394 | D:8      | Reached skill level 7 in Unarmed Combat
  3394 | D:8      | Reached XP level 8. HP: 62/78 MP: 9/9
  3707 | D:7      | Reached skill level 8 in Unarmed Combat
  3853 | D:7      | Reached skill level 9 in Unarmed Combat
  4189 | D:6      | Reached skill level 10 in Unarmed Combat
  4199 | D:6      | Found a staircase to the Ecumenical Temple.
  4206 | Temple   | Entered the Ecumenical Temple
  4394 | D:6      | Found an opulent altar of Gozag.
  4486 | D:6      | Reached XP level 9. HP: 83/83 MP: 10/10
  4581 | D:6      | Noticed Edmund
  4605 | D:6      | Killed Edmund
  4926 | D:6      | Learned a level 2 spell: Blink
  5008 | D:8      | Identified a scroll of acquirement
  5009 | D:8      | Got a twisted hat
  5015 | D:8      | Identified the +0 hat of Jiyben {+Inv rElec Int-4} (You acquired it on level 8 of the Dungeon)
  5031 | D:8      | Found an ancient bone altar of Kikubaaqudgha.
  5054 | D:8      | Reached skill level 11 in Unarmed Combat
  5066 | D:8      | Noticed Gastronok
  5087 | D:8      | Killed Gastronok
  5087 | D:8      | Reached skill level 12 in Unarmed Combat
  5087 | D:8      | Reached XP level 10. HP: 72/91 MP: 11/11
  5148 | D:8      | Noticed a two-headed ogre
  5148 | D:8      | Reached skill level 13 in Unarmed Combat
  5158 | D:8      | Killed a two-headed ogre
  5279 | D:8      | Found a staircase to the Lair.
  5476 | D:8      | Reached skill level 14 in Unarmed Combat
  5843 | D:8      | Found a hide-covered altar of Uskayaw.
  5844 | D:8      | Found a radiant altar of Vehumet.
  5919 | Lair:1   | Entered Level 1 of the Lair of Beasts
  5919 | Lair:1   | Noticed a spiny frog
  5971 | Lair:1   | Killed a spiny frog
  6055 | Lair:1   | Noticed a spiny frog
  6056 | Lair:1   | Noticed a spiny frog
  6084 | Lair:1   | Killed a spiny frog
  6102 | Lair:1   | Reached skill level 15 in Unarmed Combat
  6218 | Lair:1   | Noticed a six-headed hydra
  6226 | Lair:1   | Mangled by a six-headed hydra

Skill      XL: |  1  2  3  4  5  6  7  8  9 10 |
---------------+-------------------------------+-----
Dodging        | 2 |  2.0
Evocations     | 3 |  3.0
Fighting       | 2 3 4 |  4.0
Unarmed Combat | 2 5 7 10 12 15 | 15.0
Short Blades   | |  0.7
Stealth        | |  0.3

Action                   |  1- 3 |  4- 6 |  7- 9 | 10-12 || total
-------------------------+-------+-------+-------+-------++-------
Melee: Unarmed           |   129 |    66 |   194 |    87 ||   476
       Punch             |       |     1 |    13 |     4 ||    18
       Giant spiked club |       |       |       |     4 ||     4
Evoke: Wand              |       |       |     1 |     2 ||     3
  Use: Potion            |       |     6 |     5 |     3 ||    14
       Scroll            |       |     1 |    11 |     2 ||    14
 Stab: Sleeping          |     1 |       |       |       ||     1
       Invisible         |       |     2 |       |       ||     2
  Eat: Chunk             |    21 |    11 |    13 |    18 ||    63
Armor: Robe              |    43 |    11 |    54 |    21 ||   129
       Skin              |       |     2 |       |    20 ||    22
Dodge: Dodged            |    55 |    35 |    58 |    35 ||   183
